 Dungeon Crawl Stone Soup version 0.24.0-1-gfbc8707 (webtiles) character file.

Game seed: 2988067972571140827, levelgen mode: deterministic

169 EPluribusUnum the Magician (level 5, -5/39 HPs)
             Began as a Draconian Air Elementalist on Nov 3, 2019.
             Slain by a crocodile (9 damage)
             ... on level 3 of the Dungeon.
             The game lasted 00:14:40 (3097 turns).

EPluribusUnum the Magician (DrAE)                   Turns: 3097, Time: 00:14:40

Health: -5/39      AC:  6    Str: 10    XL:     5   Next: 25%
Magic:  8/12       EV: 12    Int: 16    God:
Gold:   90         SH:  0    Dex: 12    Spells: 10/13 levels left

rFire    . . .     SeeInvis +   e - +0 short sword
rCold    . . .     Gourm    .   (no shield)
rNeg     . . .     Faith    .   (armour unavailable)
rPois    .         Spirit   .   (helmet restricted)
rElec    .         Reflect  .   (no cloak)
rCorr    .         Harm     .   d - +0 pair of gloves
MR       +....                  (no boots)
Stlth    +.........             (no amulet)
HPRegen  0.13/turn              a - ring of protection from magic
MPRegen  0.13/turn              h - ring of see invisible

@: swift (expiring), very slow
A: unfitting armour, cold-blooded, AC +5
a: no special abilities


You were on level 3 of the Dungeon.
You were hungry.

You visited 1 branch of the dungeon, and saw 3 of its levels.
You also visited: Sewer.

You collected 90 gold pieces.

Inventory:

Hand Weapons
 e - a +0 short sword (weapon)
Armour
 d - a +0 pair of gloves (worn)
Jewellery
 a - a ring of protection from magic (left hand)
 h - a ring of see invisible (right hand)
Scrolls
 f - 2 scrolls of identify {unknown}
 g - 3 scrolls of remove curse {unknown}
 i - a scroll of immolation {unknown}
 j - a scroll of teleportation {unknown}
 l - a scroll of noise {unknown}
 n - 2 scrolls of blinking {unknown}
 q - a scroll of enchant armour {unknown}
 r - a scroll of amnesia {unknown}
Potions
 c - a potion of invisibility {unknown}
 k - a potion of agility {unknown}
 m - a potion of cancellation {unknown}
 p - 2 potions of degeneration {unknown}
Comestibles
 b - 3 rations


   Skills:
 + Level 0.6 Fighting
 + Level 2.1 Dodging
 - Level 1.7 Stealth
 + Level 4.8 Spellcasting
 + Level 1.3 Conjurations
 - Level 3.0 Air Magic


You had 10 spell levels left.
You knew the following spells:

 Your Spells              Type           Power        Failure   Level  Hunger
a - Shock                 Conj/Air       ##..         6%          1    None
b - Swiftness             Chrm/Air       #.......     13%         2    ##.....

Your spell library contained the following spells:

 Spells                   Type           Power        Failure   Level  Hunger
 Static Discharge         Conj/Air       ##......     19%         3    ###....
 Airstrike                Air            ##........   41%         4    ####...
 Lightning Bolt           Conj/Air       ##........   87%         5    ######.


Dungeon Overview and Level Annotations

Branches:
Dungeon (3/15)              Sewer (visited)

Altars:


Innate Abilities, Weirdness & Mutations

Your plain brown scales are hard. (AC +5)
You cannot fit into any form of body armour.
You are cold-blooded and may be slowed by cold attacks.


Message History

The zap hits the crocodile but does no damage.
The crocodile is moderately wounded.
The crocodile bites you!
* * * LOW HITPOINT WARNING * * *
Casting: Shock (safe; 6% risk of failure)
Confirm with . or Enter, or press ? or * to list all spells.
You feel quick. The crocodile closely misses you.
You enter the shallow water.
Moving in this stuff is going to be slow.
You see here a stone.
There is a gate leading back out of this place here.
You start to feel a little slower.
The crocodile barely misses you.
Welcome back to the Dungeon!
There is a collapsed entrance here.
There is a large open door here.
You enter the shallow water.
Moving in this stuff is going to be slow.
The crocodile bites you!
You die...

.....###.##...########.#
#.##.###.###...........#
#.##..........#######.##
#.######.###.## #..#
#........# #.#########.#
########## #...........#
########## #.###.####..##
#........# #.#≈###≈≈##÷.#
#.######.###.#≈'@≈≈≈†≈#.#
#.# #.##..#.t≈≈≈≈≈≈#.#
#.#### #.##..#≈###≈≈##+.#
.....# #.##..###.####...#
..##.###.##...........#.#
..##.............##..##.#
..######.##....#####.##.#
.........###.#.#####.##.#
####.##### #.#.......##.#
#####


You could see a crocodile.

Vanquished Creatures
  A worker ant (D:3)
  4 adders
  A river rat (D:3)
  An ooze (D:2)
  An adder skeleton (D:2)
  2 worms (D:2)
  A dart slug (D:3)
  2 leopard geckos
  12 bats
  5 giant cockroaches
  6 goblins
  11 hobgoblins
  13 jackals
  A frilled lizard (D:1)
  11 kobolds
  7 rats
79 creatures vanquished.

Notes
Turn   | Place    | Note
-------+----------+-------------------------------------------
     0 | D:1      | EPluribusUnum the Draconian Air Elementalist began the
                  | quest for the Orb.
     0 | D:1      | Reached XP level 1. HP: 14/14 MP: 3/3
   386 | D:1      | Reached XP level 2. HP: 20/20 MP: 2/5
   795 | D:1      | Reached skill level 3 in Spellcasting
  1230 | D:2      | Reached XP level 3. HP: 26/26 MP: 0/7
  1807 | D:2      | Reached skill level 4 in Spellcasting
  1850 | D:2      | Reached XP level 4. HP: 33/33 MP: 2/10
  2412 | D:2      | Learned a level 2 spell: Swiftness
  2537 | D:3      | Reached XP level 5. HP: 30/38 MP: 0/12
  2945 | D:3      | Found a glowing drain.
  2949 | Sewer    | Entered a sewer
  3063 | Sewer    | Noticed a crocodile
  3097 | D:3      | Slain by a crocodile

Levels and vault maps discovered:
D:1:      psy_arrival_fountain, layout_rooms, serial_co_window_serial,
          co_window_paths_a, co_window_of_opportunity_a, co_window_paths_b,
          co_window_paths_b, co_window_of_opportunity_a,
          co_window_of_opportunity_a, co_window_paths_b,
          co_window_of_opportunity_b, co_window_broadway_a,
          co_window_broadway_a, co_window_cross_2, co_window_cross_2,
          co_window_cross_3, glass_columns_a, item_on_display_a
D:2:      layout_basic, grunt_ministairs_1, minmay_misc_feat_five
D:3:      layout_loops_corners, gup_sewer_entry_bowl

Skill      XL: |  1  2  3  4 |
---------------+-------------+-----
Spellcasting   | 3 4 |  4.8
Dodging        | 2 |  2.1
Fighting       | |  0.6
Stealth        | |  1.7
Conjurations   | |  1.3
Air Magic      | |  3.0

Action                   |  1- 3 |  4- 6 || total
-------------------------+-------+-------++-------
Melee: Short sword       |     2 |     3 ||     5
 Cast: Shock             |    81 |    76 ||   157
       Swiftness         |       |     1 ||     1
  Eat: Chunk             |     3 |     3 ||     6
Armor: Skin              |    40 |    24 ||    64
Dodge: Dodged            |    66 |    53 ||   119
